TOP OF THE 1ST |
St. Louis Cardinals batting - Pitching for Washington Nationals : RHP Yu Darvish
|
Pitching: RHP Yu Darvish
|
|
Batting: SHB Ozzie Albies
|
0-0: Ball 1-0: Foul Ball, location: 2F 1-1: Foul Ball, location: 2F 1-2: Strikes out swinging
|
Batting: LHB Austin Meadows
|
0-0: Foul Ball, location: 2F 0-1: Called Strike 0-2: Strikes out swinging
|
Batting: LHB Juan Soto
|
0-0: Ball 1-0: Foul Ball, location: 2F 1-1: Ball 2-1: Ball 3-1: Called Strike 3-2: Foul Ball, location: 2F 3-2: Foul Ball, location: 2F 3-2: Fly out, F7 (Line Drive, 7, EV 88.8 MPH)
|
Top of the 1st over - 0 runs, 0 hits, 0 errors, 0 left on base; St. Louis 0 - Washington 0 |
BOTTOM OF THE 1ST |
Washington Nationals batting - Pitching for St. Louis Cardinals : RHP Mike Soroka
|
Pitching: RHP Mike Soroka
|
|
Batting: LHB Andrew Benintendi
|
0-0: Ball 1-0: Foul Ball, location: 2F 1-1: SOLO HOME RUN (Flyball, 9D, EV 106.9 MPH), Distance : 391 ft
|
Batting: RHB Adeiny Hechavarria
|
0-0: Ball 1-0: Ball 2-0: Called Strike 2-1: Foul Ball, location: 2F 2-2: Strikes out swinging
|
Batting: LHB Adam Eaton
|
0-0: Foul Ball, location: 2F 0-1: Ball 1-1: Ball 2-1: Ground out U3 (Groundball, 34, EV 101.3 MPH)
|
Batting: RHB Chris Taylor
|
0-0: Ground out 6-3 (Groundball, 6M, EV 96.3 MPH)
|
Bottom of the 1st over - 1 run, 1 hit, 0 errors, 0 left on base; St. Louis 0 - Washington 1 |
TOP OF THE 2ND |
St. Louis Cardinals batting - Pitching for Washington Nationals : RHP Yu Darvish
|
Pitching: RHP Mitchell White
|
|
Batting: RHB Alex Bregman
|
0-0: Called Strike 0-1: Ball 1-1: Swinging Strike 1-2: Strikes out swinging, 2-3 out at first.
|
Batting: LHB Matt Olson
|
0-0: Called Strike 0-1: Fly out, F5 (Popup, 5S, EV 74.4 MPH)
|
Batting: SHB Yasmani Grandal
|
0-0: Called Strike 0-1: Ball 1-1: Called Strike 1-2: Strikes out swinging
|
Top of the 2nd over - 0 runs, 0 hits, 0 errors, 0 left on base; St. Louis 0 - Washington 1 |
BOTTOM OF THE 2ND |
Washington Nationals batting - Pitching for St. Louis Cardinals : RHP Mike Soroka
|
Batting: LHB Yonder Alonso
|
0-0: SINGLE (Groundball, 4MS, EV 61.3 MPH) (infield hit)
|
Batting: RHB Evan Longoria
|
0-0: Ball 1-0: Foul Ball, location: 2F 1-1: Ball 2-1: Foul Ball, location: 2F 2-2: Fly out, F2 (Popup, 5SF, EV 84.4 MPH)
|
Batting: LHB Jackie Bradley Jr.
|
0-0: Ball 1-0: Fly out, F9 (Flyball, 9S, EV 96.9 MPH)
|
Batting: RHB Austin Barnes
|
0-0: Ball 1-0: Foul Ball, location: 2F 1-1: Foul Ball, location: 2F 1-2: Reached on error, E4 (Groundball, 4M, EV 79.4 MPH) Yonder Alonso to second
|
Batting: RHB Mitchell White
|
0-0: SINGLE (Line Drive, 34, EV 100.6 MPH) Yonder Alonso to third Austin Barnes to second
|
Batting: LHB Andrew Benintendi
|
0-0: Called Strike 0-1: Ball 1-1: Swinging Strike 1-2: Foul Ball, location: 2F 1-2: Strikes out swinging
|
Bottom of the 2nd over - 0 runs, 2 hits, 1 error, 3 left on base; St. Louis 0 - Washington 1 |
TOP OF THE 3RD |
St. Louis Cardinals batting - Pitching for Washington Nationals : RHP Mitchell White
|
Batting: RHB Harrison Bader
|
0-0: Ball 1-0: SINGLE (Groundball, 34D, EV 108.1 MPH)
|
Batting: RHB Luis Urias
|
0-0: Called Strike 0-1: Ball 1-1: Grounds into double play, 6-4-3 (Groundball, 6, EV 81.9 MPH)
|
Batting: RHB Mike Soroka
|
0-0: Swinging Strike 0-1: Ball 1-1: Swinging Strike 1-2: Foul Ball, location: 2F 1-2: Strikes out swinging
|
Top of the 3rd over - 0 runs, 1 hit, 0 errors, 0 left on base; St. Louis 0 - Washington 1 |
BOTTOM OF THE 3RD |
Washington Nationals batting - Pitching for St. Louis Cardinals : RHP Mike Soroka
|
Batting: RHB Adeiny Hechavarria
|
0-0: Ball 1-0: Foul Ball, location: 2F 1-1: Ball 2-1: Called Strike 2-2: Ball 3-2: Ground out 6-3 (Groundball, 56, EV 101.3 MPH)
|
Batting: LHB Adam Eaton
|
0-0: Ball 1-0: Swinging Strike 1-1: Called Strike 1-2: Foul Ball, location: 2F 1-2: Fly out, F5 (Popup, 56, EV 67.5 MPH)
|
Batting: RHB Chris Taylor
|
0-0: Called Strike 0-1: Swinging Strike 0-2: DOUBLE (Line Drive, 89D, EV 100.0 MPH)
|
Batting: LHB Yonder Alonso
|
0-0: Ball 1-0: Called Strike 1-1: Ground out 3-1 (Groundball, 3S, EV 70.0 MPH)
|
Bottom of the 3rd over - 0 runs, 1 hit, 0 errors, 1 left on base; St. Louis 0 - Washington 1 |
TOP OF THE 4TH |
St. Louis Cardinals batting - Pitching for Washington Nationals : RHP Mitchell White
|
Batting: SHB Ozzie Albies
|
0-0: Ball 1-0: Foul Ball, location: 2F 1-1: Ground out U3 (Groundball, 34S, EV 76.3 MPH)
|
Batting: LHB Austin Meadows
|
0-0: Swinging Strike 0-1: Swinging Strike 0-2: Ball 1-2: Ball 2-2: Strikes out swinging
|
Batting: LHB Juan Soto
|
0-0: Ball 1-0: Ball 2-0: Ball 3-0: Called Strike 3-1: Base on Balls
|
Pitching: RHP Collin Kober
|
|
Batting: RHB Alex Bregman
|
0-0: Called Strike 0-1: Foul Ball, location: 2F 0-2: Ball 1-2: Foul Ball, location: 2F 1-2: Strikes out looking
|
Top of the 4th over - 0 runs, 0 hits, 0 errors, 1 left on base; St. Louis 0 - Washington 1 |
BOTTOM OF THE 4TH |
Washington Nationals batting - Pitching for St. Louis Cardinals : RHP Mike Soroka
|
Batting: RHB Evan Longoria
|
0-0: Called Strike 0-1: Foul Ball, location: 2F 0-2: Ball 1-2: Ball 2-2: Ball 3-2: Foul Ball, location: 2F 3-2: Fly out, F5 (Popup, 5SF, EV 63.1 MPH)
|
Batting: LHB Jackie Bradley Jr.
|
0-0: Ball 1-0: Ball 2-0: SINGLE (Groundball, 6MD, EV 111.9 MPH)
|
Batting: RHB Austin Barnes
|
0-0: Ball 1-0: Ball 2-0: Ball 3-0: Called Strike 3-1: Foul Ball, location: 2F 3-2: 2-RUN HOME RUN (Flyball, 7D, EV 90.0 MPH), Distance : 413 ft
|
Batting: RHB Collin Kober
|
0-0: Fly out, F7 (Flyball, 78M, EV 93.8 MPH)
|
Batting: LHB Andrew Benintendi
|
0-0: Ball 1-0: Ground out 4-3 (Groundball, 4M, EV 105.0 MPH)
|
Bottom of the 4th over - 2 runs, 2 hits, 0 errors, 0 left on base; St. Louis 0 - Washington 3 |
TOP OF THE 5TH |
St. Louis Cardinals batting - Pitching for Washington Nationals : RHP Collin Kober
|
Batting: LHB Matt Olson
|
0-0: Swinging Strike 0-1: Ball 1-1: Called Strike 1-2: Ball 2-2: SOLO HOME RUN (Flyball, 9D, EV 110.6 MPH), Distance : 381 ft
|
Batting: SHB Yasmani Grandal
|
0-0: Called Strike 0-1: Called Strike 0-2: Ball 1-2: Strikes out swinging
|
Batting: RHB Harrison Bader
|
0-0: Called Strike 0-1: Foul Ball, location: 2F 0-2: SINGLE (Groundball, 6MD, EV 107.5 MPH)
|
Batting: RHB Luis Urias
|
0-0: Called Strike 0-1: Ball 1-1: Ball 2-1: Ball 3-1: Grounds into double play, 3-6-3 (Groundball, 34S, EV 79.4 MPH)
|
Top of the 5th over - 1 run, 2 hits, 0 errors, 0 left on base; St. Louis 1 - Washington 3 |
BOTTOM OF THE 5TH |
Washington Nationals batting - Pitching for St. Louis Cardinals : RHP Mike Soroka
|
Pitching: LHP Brad Wieck
|
|
Batting: RHB Adeiny Hechavarria
|
0-0: Ball 1-0: Ball 2-0: Foul Ball, location: 2F 2-1: Ball 3-1: Base on Balls
|
Batting: LHB Adam Eaton
|
0-0: Swinging Strike 0-1: SINGLE (Groundball, 6D, EV 99.4 MPH) Adeiny Hechavarria to second
|
Batting: RHB Chris Taylor
|
0-0: Foul Ball, location: 2F 0-1: Ball 1-1: Foul Ball, location: 2F 1-2: Strikes out swinging
|
Batting: LHB Yonder Alonso
|
0-0: Ball 1-0: Foul Ball, location: 2F 1-1: Ball 2-1: Called Strike 2-2: Foul Ball, location: 2F 2-2: Foul Ball, location: 2F 2-2: Strikes out swinging
|
Batting: RHB Evan Longoria
|
0-0: Called Strike 0-1: Fly out, F9 (Flyball, 89D, EV 88.1 MPH)
|
Bottom of the 5th over - 0 runs, 1 hit, 0 errors, 2 left on base; St. Louis 1 - Washington 3 |
TOP OF THE 6TH |
St. Louis Cardinals batting - Pitching for Washington Nationals : RHP Collin Kober
|
Pinch Hitting: RHB Nick Senzel
|
0-0: Foul Ball, location: 2F 0-1: Bunt for hit to 2R - play at first, batter OUT! 2-3
|
Batting: SHB Ozzie Albies
|
0-0: Ground out U3 (Groundball, 34, EV 104.4 MPH)
|
Batting: LHB Austin Meadows
|
0-0: Called Strike 0-1: Swinging Strike 0-2: Ball 1-2: Ball 2-2: Ball 3-2: SINGLE (Line Drive, 8LS, EV 93.1 MPH)
|
Pitching: RHP Miguel Romero
|
|
Now at 3B: Matt Beaty
|
|
Batting: LHB Juan Soto
|
0-0: Ball 1-0: Ball 2-0: Ball 3-0: Base on Balls Austin Meadows to second
|
Batting: RHB Alex Bregman
|
0-0: Swinging Strike 0-1: Ball 1-1: Ball 2-1: Foul Ball, location: 2F 2-2: Ball 3-2: Fly out, F7 (Flyball, 7D, EV 103.1 MPH)
|
Top of the 6th over - 0 runs, 1 hit, 0 errors, 2 left on base; St. Louis 1 - Washington 3 |
BOTTOM OF THE 6TH |
Washington Nationals batting - Pitching for St. Louis Cardinals : LHP Brad Wieck
|
Pitching: RHP Erick Fedde
|
|
Batting: LHB Jackie Bradley Jr.
|
0-0: Foul Ball, location: 2F 0-1: Ground out 4-3 (Groundball, 4, EV 96.9 MPH)
|
Batting: RHB Austin Barnes
|
0-0: Ball 1-0: Ball 2-0: Ground out 5-3 (Groundball, 56, EV 85.6 MPH)
|
Batting: LHB Matt Beaty
|
0-0: Ball 1-0: Swinging Strike 1-1: Foul Ball, location: 2F 1-2: Ball 2-2: Foul Ball, location: 2F 2-2: Fly out, F3 (Line Drive, 3, EV 72.5 MPH)
|
Bottom of the 6th over - 0 runs, 0 hits, 0 errors, 0 left on base; St. Louis 1 - Washington 3 |
TOP OF THE 7TH |
St. Louis Cardinals batting - Pitching for Washington Nationals : RHP Miguel Romero
|
Batting: LHB Matt Olson
|
0-0: Ball 1-0: Ball 2-0: Fly out, F8 (Line Drive, 8LM, EV 95.0 MPH)
|
Batting: SHB Yasmani Grandal
|
0-0: Ball 1-0: Swinging Strike 1-1: Foul Ball, location: 2F 1-2: Foul Ball, location: 2F 1-2: Ball 2-2: Foul Ball, location: 2F 2-2: SINGLE (Line Drive, 8RS, EV 95.6 MPH)
|
Batting: RHB Harrison Bader
|
0-0: Called Strike 0-1: Ball 1-1: Swinging Strike 1-2: Ball Wild Pitch! Yasmani Grandal to second 2-2: Strikes out swinging
|
Batting: RHB Luis Urias
|
0-0: Ball 1-0: Ball 2-0: SINGLE (Flyball, 78S, EV 90.0 MPH) Yasmani Grandal to third
|
Pinch Hitting: RHB Jose Alberto Martinez
|
0-0: Foul Ball, location: 2F 0-1: Fly out, F9 (Flyball, 9D, EV 90.6 MPH)
|
Top of the 7th over - 0 runs, 2 hits, 0 errors, 2 left on base; St. Louis 1 - Washington 3 |
BOTTOM OF THE 7TH |
Washington Nationals batting - Pitching for St. Louis Cardinals : RHP Erick Fedde
|
Pitching: RHP Peter Lambert
|
|
Pinch Hitting: LHB Corbin Carroll
|
0-0: Ball 1-0: Foul Ball, location: 2F 1-1: Foul Ball, location: 2F 1-2: Foul Ball, location: 2F 1-2: Ball 2-2: Ball 3-2: Base on Balls
|
Pinch Hitting: RHB Daniel Robertson
|
0-0: Fielders Choice at 2nd, 4-6 (Groundball, 34, EV 110.0 MPH)
|
Batting: LHB Adam Eaton
|
0-0: Ball 1-0: Ball 2-0: Called Strike 2-1: DOUBLE (Line Drive, 89D, EV 114.4 MPH) Daniel Robertson to third Runner from 3rd tries for Home, SAFE, throw by CF to home
|
Pinch Hitting: SHB Jed Lowrie
|
0-0: Called Strike 0-1: Called Strike 0-2: Fly out, F9 (Line Drive, 9, EV 93.8 MPH) Runner from 2nd tags up, OUT at 3rd! 9-5
|
Bottom of the 7th over - 1 run, 1 hit, 0 errors, 0 left on base; St. Louis 1 - Washington 4 |
TOP OF THE 8TH |
St. Louis Cardinals batting - Pitching for Washington Nationals : RHP Miguel Romero
|
Pitching: RHP Luis Angel Medina
|
|
Now at 2B: Jed Lowrie
|
|
Now at SS: Vidal Brujan
|
|
Now in LF: Corbin Carroll
|
|
Pinch Hitting: SHB Domingo Leyba
|
0-0: Ball 1-0: Ball 2-0: Called Strike 2-1: Foul Ball, location: 2F 2-2: Ball 3-2: Base on Balls
|
Pinch Hitting: LHB Brett Phillips
|
0-0: Ball 1-0: Ball 2-0: Called Strike 2-1: Foul Ball, location: 2F 2-2: Strikes out swinging
|
Pinch Hitting: RHB Taylor Ward
|
0-0: Ball 1-0: Foul Ball, location: 2F 1-1: Foul Ball, location: 2F 1-2: Hit by Pitch Domingo Leyba to second
|
Pinch Hitting: RHB Hernan Perez
|
0-0: DOUBLE (Line Drive, 78D, EV 102.5 MPH) Domingo Leyba scores Taylor Ward to third Runner from 3rd tries for Home, SAFE, throw by CF to home
|
Pitching: LHP Adam Morgan
|
|
Batting: LHB Matt Olson
|
0-0: Ball 1-0: Ball 2-0: Called Strike 2-1: Foul Ball, location: 2F 2-2: Strikes out swinging
|
Pinch Hitting: RHB Yan Gomes
|
0-0: Called Strike 0-1: Called Strike 0-2: Ball 1-2: Fly out, F8 (Line Drive, 8LD, EV 88.1 MPH)
|
Top of the 8th over - 2 runs, 1 hit, 0 errors, 1 left on base; St. Louis 3 - Washington 4 |
BOTTOM OF THE 8TH |
Washington Nationals batting - Pitching for St. Louis Cardinals : RHP Peter Lambert
|
Now at C: Yan Gomes
|
|
Now at 2B: Hernan Perez
|
|
Now at 3B: Taylor Ward
|
|
Now in LF: Jason Martin
|
|
Now in RF: Brett Phillips
|
|
Pinch Hitting: RHB Tyler White
|
0-0: Fly out, F7 (Flyball, 7LM, EV 98.8 MPH)
|
Batting: SHB Vidal Brujan
|
0-0: Called Strike 0-1: Called Strike 0-2: Ball 1-2: Strikes out swinging
|
Batting: LHB Jackie Bradley Jr.
|
0-0: Foul Ball, location: 2F 0-1: DOUBLE (Flyball, 8RXD, EV 88.8 MPH)
|
Pinch Hitting: LHB Michael Perez
|
0-0: Ball 1-0: Ball 2-0: Foul Ball, location: 2F 2-1: Fly out, F8 (Flyball, 8RS, EV 87.5 MPH)
|
Bottom of the 8th over - 0 runs, 1 hit, 0 errors, 1 left on base; St. Louis 3 - Washington 4 |
TOP OF THE 9TH |
St. Louis Cardinals batting - Pitching for Washington Nationals : LHP Adam Morgan
|
Pitching: RHP Kyle Crick
|
|
Now at C: Tom Murphy
|
|
Now at 1B: Tyler White
|
|
Pinch Hitting: RHB Jahmai Jones
|
0-0: Ball 1-0: Ball 2-0: Ball 3-0: Called Strike 3-1: Base on Balls
|
Pinch Hitting: SHB Cole Tucker
|
0-0: Ball 1-0: Sac Bunt to 25 - play at second, runner OUT! 5-6
|
Pinch Hitting: RHB Brendan Rodgers
|
0-0: Ball 1-0: Ball 2-0: Ball 3-0: Called Strike 3-1: Base on Balls Cole Tucker to second
|
Batting: LHB Jason Martin
|
0-0: Called Strike 0-1: Swinging Strike 0-2: Strikes out swinging
|
Batting: LHB Brett Phillips
|
0-0: Ball 1-0: Ball 2-0: Ball 3-0: Base on Balls Cole Tucker to third Brendan Rodgers to second
|
Batting: RHB Taylor Ward
|
0-0: Ball 1-0: Ball 2-0: Ball 3-0: Called Strike 3-1: Foul Ball, location: 2F 3-2: Foul Ball, location: 2F 3-2: Foul Ball, location: 2F 3-2: SINGLE (Groundball, 56D, EV 105.6 MPH) Cole Tucker scores Brendan Rodgers to third Brett Phillips to second Brendan Rodgers scores Brett Phillips to third
|
Pitching: RHP Nate Jones
|
|
Batting: RHB Hernan Perez
|
0-0: Ball 1-0: Called Strike 1-1: Fly out, F8 (Flyball, 8LS, EV 87.5 MPH)
|
Top of the 9th over - 2 runs, 1 hit, 0 errors, 2 left on base; St. Louis 5 - Washington 4 |
BOTTOM OF THE 9TH |
Washington Nationals batting - Pitching for St. Louis Cardinals : RHP Peter Lambert
|
Pitching: RHP Dellin Betances
|
|
Now at SS: Yu Chang
|
|
Now in CF: Jahmai Jones
|
|
Batting: LHB Matt Beaty
|
0-0: Ball 1-0: Ball 2-0: Foul Ball, location: 2F 2-1: Hit by Pitch
|
Pinch Hitting: RHB Yulieski Gurriel
|
0-0: DOUBLE (Line Drive, 7LM, EV 115.0 MPH) Matt Beaty to third Runner from 3rd tries for Home, throw by LF and OUT! 7-6-2 Yulieski Gurriel to third
|
Pinch Hitting: LHB Mike Ford
|
0-0: Ball 1-0: Called Strike 1-1: Called Strike 1-2: Strikes out swinging
|
Batting: LHB Adam Eaton
|
0-0: Ball 1-0: Swinging Strike 1-1: Ball 2-1: Ball 3-1: Called Strike 3-2: Strikes out swinging
|
Bottom of the 9th over - 0 runs, 1 hit, 0 errors, 1 left on base; St. Louis 5 - Washington 4 |
|